[Event "Titled Tuesday Blitz July 26 Early 2022"]
[White "Grunberg, Mihai-Lucian"]
[Black "Shimanov, Aleksandr"]
[WhiteFideId "1204149"]
[BlackFideId "4198603"]
[WhiteElo "2364"]
[BlackElo "2605"]
[Result "0-1"]
[Round "01"]
[TimeControl "180+1"]
[Date "2022.07.26"]
[WhiteClock "0:01:23"]
[BlackClock "0:02:12"]

1. Nf3 d5 2. c4 e6 3. g3 Nf6 4. Bg2 Nbd7 5. O-O dxc4 6. Qa4 a6 7. Qxc4 b5 8. Qb3 Bb7 9. d4 c5 10. a4 c4 11. Qc2 Be7 12. Na3 Qb6 13. Bg5 O-O 14. Ne5 Rfd8 15. Rfd1 Nxe5 16. dxe5 Ng4 17. Bxe7 Qxf2+ 18. Kh1 Qxg2# 0-1


[Site "https://www.chess.com"]

[Event "Titled Tuesday Blitz July 26 Early 2022"]
[White "Hafiz, Arif Abdul"]
[Black "Terletsky, Oleg"]
[WhiteFideId "7104227"]
[BlackFideId "14116774"]
[WhiteElo "2198"]
[BlackElo "1988"]
[Result "1-0"]
[Round "01"]
[TimeControl "180+1"]
[Date "2022.07.27"]
[WhiteClock "0:01:21"]
[BlackClock "0:00:06"]

1. e4 e5 2. Nc3 Nf6 3. f4 d5 4. fxe5 Nxe4 5. Qf3 Nc6 6. Bb5 Nxc3 7. dxc3 Qh4+ 8. g3 Qe4+ 9. Qxe4 dxe4 10. Ne2 Bg4 11. Bxc6+ bxc6 12. Rf1 Bc5 13. Rf4 Bf3 14. Nd4 Bxd4 15. cxd4 Rd8 16. Be3 O-O 17. a4 c5 18. dxc5 Rd5 19. Rf5 Rfd8 20. Kf2 a5 21. c3 h6 22. Bd4 Rxd4 23. cxd4 Rxd4 24. e6 fxe6 25. Re5 Rd2+ 26. Ke3 Rd3+ 27. Kf2 Rd2+ 28. Ke1 Rxh2 29. Ra3 Re2+ 30. Kf1 Kf7 31. c6 Rxb2 32. Rxa5 Rb1+ 33. Kf2 Rb2+ 34. Ke1 Kf6 35. Rb5 Rc2 36. a5 Rc1+ 37. Kd2 Rxc6 38. a6 Rd6+ 39. Ke3 Rd8 40. a7 Ra8 41. Rb8 1-0


[Site "https://www.chess.com"]

[Event "Titled Tuesday Blitz July 26 Early 2022"]
[White "Hakobyan, Aram"]
[Black "Bethke, Richard"]
[WhiteFideId "13306677"]
[BlackFideId "12959243"]
[WhiteElo "2557"]
[BlackElo "2506"]
[Result "1-0"]
[Round "01"]
[TimeControl "180+1"]
[Date "2022.07.26"]
[WhiteClock "0:00:45"]
[BlackClock "0:00:52"]

1. e4 c6 2. d4 d5 3. exd5 cxd5 4. Nf3 Bf5 5. c3 Nf6 6. Ne5 Nbd7 7. Qb3 Qc7 8. Bf4 Qc8 9. Na3 e6 10. Nxd7 Nxd7 11. Nb5 e5 12. dxe5 Be6 13. Nd4 Be7 14. Bb5 O-O 15. Bxd7 Qxd7 16. O-O Rab8 17. a4 b6 18. Bg3 a6 19. f4 Bc5 20. Bf2 Bxd4 21. Bxd4 b5 22. a5 Rfc8 23. Qb4 Rc4 24. Qd6 Qxd6 25. exd6 Rd8 26. f5 Bc8 27. Rae1 Kf8 28. f6 g6 29. Re7 Rxd6 30. Rfe1 Be6 31. Be3 Rc8 32. Kf2 Rdc6 33. Kg3 R6c7 34. Bh6+ Kg8 35. R1xe6 fxe6 36. f7+ Kh8 37. Rxc7 1-0


[Site "https://www.chess.com"]

[Event "Titled Tuesday Blitz July 26 Early 2022"]
[White "Hansen, Eric"]
[Black "Estrada Nieto, Julian"]
[WhiteFideId "2606771"]
[BlackFideId "5101018"]
[WhiteElo "2568"]
[BlackElo "2252"]
[Result "1-0"]
[Round "01"]
[TimeControl "180+1"]
[Date "2022.07.26"]
[WhiteClock "0:00:16"]
[BlackClock "0:00:09"]

1. e4 e5 2. Nf3 Nc6 3. Bb5 a6 4. Ba4 Nf6 5. d3 d6 6. O-O g6 7. c4 Bg7 8. h3 O-O 9. Be3 Bd7 10. Nc3 Ne7 11. Bxd7 Nxd7 12. d4 exd4 13. Nxd4 Nc6 14. Rc1 Re8 15. Re1 Nc5 16. Nxc6 bxc6 17. Bd4 f6 18. b4 Ne6 19. Be3 Rb8 20. a3 Qe7 21. Qd2 Qf7 22. Bh6 Bh8 23. Qd3 g5 24. c5 dxc5 25. Qxa6 cxb4 26. axb4 Qg6 27. Qxc6 Qxh6 28. Nd5 Qg6 29. Re3 Nd4 30. Qc4 Ne6 31. Ra1 Qf7 32. Ra6 Nf4 33. Rxf6 Bxf6 34. Nxf6+ Kg7 35. Nxe8+ Rxe8 36. Qc5 Qe7 37. Qc3+ Qe5 38. Qc2 Rd8 39. g3 Ne6 40. Rc3 Rd4 41. Rc6 Qxe4 42. Qc3 Kf7 43. Qc1 Qe2 44. Kg2 Rd1 45. Rxc7+ Kf6 46. Qc3+ Nd4 47. Rc6+ Kf5 48. Qc5+ Ke4 49. Qe7+ Kd3 50. Qxe2+ Nxe2 51. Rd6+ Kc2 52. Rxd1 Kxd1 53. b5 Nd4 54. b6 Nc6 55. f4 gxf4 56. gxf4 Kd2 57. f5 Kd3 58. f6 Kd4 59. f7 Ne5 60. f8=Q 1-0


[Site "https://www.chess.com"]

[Event "Titled Tuesday Blitz July 26 Early 2022"]
[White "Howell, David W L"]
[Black "Vovk, Orest"]
[WhiteFideId "410608"]
[BlackFideId "14113490"]
[WhiteElo "2559"]
[BlackElo "2203"]
[Result "1/2-1/2"]
[Round "01"]
[TimeControl "180+1"]
[Date "2022.07.26"]
[WhiteClock "0:00:10"]
[BlackClock "0:00:05"]

1. e4 g5 2. f4 gxf4 3. d4 d5 4. e5 c5 5. c3 Nc6 6. dxc5 Nxe5 7. Bxf4 Ng6 8. Be3 Bh6 9. Bf2 Nf6 10. Nf3 O-O 11. Be2 Ne4 12. Bg1 Nf4 13. Bf1 e5 14. Nbd2 Nxd2 15. Qxd2 e4 16. Be3 exf3 17. Bxf4 Qh4+ 18. g3 Re8+ 19. Kf2 Bxf4 20. Qxf4 Qxf4 21. gxf4 Bf5 22. Rg1+ Kf8 23. Kxf3 Be4+ 24. Kf2 Rec8 25. b4 a5 26. Bb5 axb4 27. cxb4 Ra3 28. Rg3 Rca8 29. Rxa3 Rxa3 30. Be2 d4 31. Rd1 d3 32. Bf3 Rxa2+ 33. Ke3 Bxf3 34. Kxf3 Rb2 35. Rxd3 Rxb4 36. Rd7 Kg7 37. Kg4 Rb5 38. Rc7 b6 39. c6 Rc5 40. Kf3 b5 41. Ke4 b4 42. Kd4 Rc2 43. Kd5 b3 44. Rb7 b2 45. Kd6 Rxh2 46. c7 Rd2+ 47. Ke7 Rc2 48. Kd7 Rd2+ 49. Kc8 Kf6 50. Kb8 Rc2 51. c8=Q Rxc8+ 52. Kxc8 Kf5 53. Rxb2 Kxf4 54. Kd7 h5 55. Kd6 h4 56. Rb4+ Kg3 57. Ke5 h3 58. Rb3+ Kg2 59. Kf4 h2 60. Rb2+ Kh3 61. Rb3+ Kg2 62. Rg3+ Kf2 63. Rf3+ Kg2 64. Rg3+ Kf2 65. Rh3 Kg2 66. Rxh2+ Kxh2 67. Kf5 Kg3 68. Kf6 Kf4 69. Kxf7 1/2-1/2


[Site "https://www.chess.com"]

[Event "Titled Tuesday Blitz July 26 Early 2022"]
[White "Ibarra Jerez, Jose Carlos"]
[Black "Girinath, P.D.S."]
[WhiteFideId "2226332"]
[BlackFideId "5000572"]
[WhiteElo "2628"]
[BlackElo "2369"]
[Result "1-0"]
[Round "01"]
[TimeControl "180+1"]
[Date "2022.07.26"]
[WhiteClock "0:00:25"]
[BlackClock "0:00:01"]

1. e4 e6 2. d4 d5 3. Nc3 Bb4 4. Ne2 dxe4 5. a3 Be7 6. Nxe4 Nd7 7. Be3 Ngf6 8. Nxf6+ Bxf6 9. Nf4 O-O 10. Nh5 e5 11. Qd2 exd4 12. Nxf6+ Qxf6 13. Bxd4 Re8+ 14. Be2 Qe7 15. Be3 Nf6 16. O-O-O Bg4 17. Bxg4 Nxg4 18. Bg5 Qc5 19. Bh4 h6 20. Rhe1 Qc6 21. f3 Nf6 22. Qb4 Nd5 23. Qd4 Nb6 24. b3 Re6 25. Rxe6 Qxe6 26. Re1 Qd5 27. Qc3 c6 28. Re7 Qh5 29. Qd4 Nd5 30. Rxb7 Re8 31. Bg3 Qg6 32. Qd2 1-0


[Site "https://www.chess.com"]

[Event "Titled Tuesday Blitz July 26 Early 2022"]
[White "Iljin, Timofey"]
[Black "Atakhan, Abtin"]
[WhiteFideId "14110180"]
[BlackFideId "22502203"]
[WhiteElo "2404"]
[BlackElo "2087"]
[Result "0-1"]
[Round "01"]
[TimeControl "180+1"]
[Date "2022.07.27"]
[WhiteClock "0:00:01"]
[BlackClock "0:00:15"]

1. f4 d5 2. Nf3 Nf6 3. g3 e6 4. Bg2 b5 5. O-O Bb7 6. d3 c5 7. a3 Be7 8. Qe1 Nbd7 9. Nbd2 O-O 10. e4 dxe4 11. dxe4 c4 12. e5 Nd5 13. Ne4 Nc5 14. Nxc5 Bxc5+ 15. Kh1 Qb6 16. Bd2 Be3 17. Rd1 Bxd2 18. Rxd2 Rfd8 19. Nd4 c3 20. bxc3 Nxc3 21. Qe3 Bxg2+ 22. Kxg2 Rac8 23. Rd3 Nd5 24. Qf2 Rc4 25. Rfd1 Rdc8 26. f5 Nc3 27. fxe6 fxe6 28. Rf1 Qb7+ 29. Kh3 Ne4 30. Qf4 Nc5 31. Rdf3 h6 32. Qg4 Qd7 33. Rf7 Qxf7 34. Rxf7 Kxf7 35. Qf3+ Kg8 36. Nxb5 Ne4 37. Qb3 Ng5+ 38. Kg2 Rxc2+ 39. Kf1 Rxh2 40. Nc3 Kh8 41. Qb7 Rxc3 42. Qb8+ Kh7 43. Qb1+ Kg8 44. Qb8+ Kf7 45. Qb7+ Kg6 46. Qb1+ Kh5 47. Qd1+ Nf3 48. Qb1 Nd2+ 49. Ke1 Nxb1 50. Kf1 Rc1# 0-1


[Site "https://www.chess.com"]

[Event "Titled Tuesday Blitz July 26 Early 2022"]
[White "Ismayil, Malak"]
[Black "Nazari, Arad"]
[WhiteFideId "13412604"]
[BlackFideId "12577324"]
[WhiteElo "1879"]
[BlackElo "2129"]
[Result "0-1"]
[Round "01"]
[TimeControl "180+1"]
[Date "2022.07.27"]
[WhiteClock "0:00:06"]
[BlackClock "0:00:40"]

1. e4 c5 2. Nf3 d6 3. Bb5+ Nd7 4. O-O a6 5. Bxd7+ Bxd7 6. d4 cxd4 7. Nxd4 e5 8. Nb3 Be7 9. Be3 Nf6 10. f3 O-O 11. c4 Be6 12. N1d2 b5 13. cxb5 axb5 14. Qe2 Qd7 15. a3 d5 16. Nc5 Bxc5 17. Bxc5 Rfc8 18. b4 d4 19. f4 exf4 20. Rxf4 d3 21. Qe1 Ng4 22. h3 Rxc5 23. bxc5 Qd4+ 24. Kh1 Ne3 25. Nf3 Qb2 26. Qg1 Nxg2 27. Rb1 Qxb1 28. Qxb1 Nxf4 29. Qxb5 h6 30. a4 Bxh3 31. c6 Bg2+ 32. Kg1 Bxf3 33. Qb7 d2 34. Qxa8+ Kh7 35. c7 d1=Q+ 36. Kf2 Qe2+ 37. Kg3 Nh5+ 38. Kh3 Qg2+ 39. Kh4 Qg4# 0-1


[Site "https://www.chess.com"]

[Event "Titled Tuesday Blitz July 26 Early 2022"]
[White "Jacobson, Brandon"]
[Black "Savanovic, Aleksandar"]
[WhiteFideId "30901561"]
[BlackFideId "914932"]
[WhiteElo "2362"]
[BlackElo "2392"]
[Result "1-0"]
[Round "01"]
[TimeControl "180+1"]
[Date "2022.07.26"]
[WhiteClock "0:00:49"]
[BlackClock "0:00:09"]

1. Nf3 d5 2. c4 c6 3. e3 Nf6 4. Nc3 g6 5. d4 Bg7 6. Be2 dxc4 7. O-O O-O 8. Bxc4 Bg4 9. h3 Bxf3 10. Qxf3 Nbd7 11. Rd1 e5 12. Bb3 exd4 13. exd4 Nb6 14. Bg5 h6 15. Bh4 g5 16. Bg3 a5 17. a3 a4 18. Ba2 Nfd5 19. Rac1 Re8 20. Nxd5 Nxd5 21. Rc5 Nf6 22. Rf5 Qe7 23. h4 g4 24. Qd3 Rad8 25. Be5 c5 26. Rxf6 Bxf6 27. Qg6+ Kh8 28. Qxh6+ Kg8 29. Bxf6 1-0


[Site "https://www.chess.com"]

[Event "Titled Tuesday Blitz July 26 Early 2022"]
[White "Kuzmin, Roman"]
[Black "Mindlin, Alon"]
[WhiteFideId "44134932"]
[BlackFideId "2800071"]
[WhiteElo "1954"]
[BlackElo "2390"]
[Result "0-1"]
[Round "01"]
[TimeControl "180+1"]
[Date "2022.07.27"]
[WhiteClock "0:00:17"]
[BlackClock "0:00:22"]

1. e4 e5 2. Nf3 Nc6 3. Bb5 a6 4. Ba4 Nf6 5. O-O Be7 6. Re1 b5 7. Bb3 d6 8. c3 O-O 9. h3 Nb8 10. d4 Nbd7 11. Nbd2 Bb7 12. Bc2 Re8 13. Nf1 Bf8 14. Ng3 g6 15. a4 c6 16. Be3 Qc7 17. Qd2 d5 18. dxe5 Nxe4 19. Bxe4 dxe4 20. Nxe4 c5 21. Nd6 Bxf3 22. Nxe8 Rxe8 23. gxf3 Nxe5 24. Qd5 Rd8 25. Qe4 f5 26. Qf4 Bd6 27. Red1 Nc4 28. Qg5 Ne5 29. Kg2 Re8 30. Bf4 Nc4 31. Rxd6 Nxd6 32. Rd1 Nf7 33. Bxc7 Nxg5 34. axb5 axb5 35. Rd5 Ne6 36. Be5 Rd8 37. Rxd8+ Nxd8 38. b3 c4 39. bxc4 bxc4 40. f4 Kf7 41. Kf3 Ke7 42. Ke3 Nc6 43. Bh8 Ke6 44. Bg7 Kd5 45. Bh8 Nd8 46. Be5 Ne6 47. f3 Nc5 48. Bb8 Na4 49. Be5 Nc5 50. Kd2 Ne6 51. Ke3 Kc5 52. Bb8 Kb5 53. Kd2 Ka4 54. Kc2 Ka3 55. Bd6+ Ka2 56. Be5 Nc5 57. Bd6 Nd3 58. Kd2 Kb3 59. Bb8 Nc5 60. Be5 Nd7 61. Bd4 Nb8 62. Be5 Nc6 63. Bf6 Na7 64. Bd4 Nb5 65. Bf6 Kb2 66. Be7 Na3 67. Ke3 Nb5 68. Kd2 Kb3 69. Bb4 Nc7 70. Bd6 Nd5 71. Be5 Kb2 72. Bd6 Kb3 73. Be5 h6 74. h4 h5 75. Bd6 Nxc3 76. Be5 Nd5 77. Bd6 c3+ 78. Kc1 c2 79. Be5 Nb4 80. Kd2 Na2 0-1


[Site "https://www.chess.com"]

[Event "Titled Tuesday Blitz July 26 Early 2022"]
[White "Lashkin, Jegor"]
[Black "Omariev, Maksim"]
[WhiteFideId "13907808"]
[BlackFideId "4193423"]
[WhiteElo "2368"]
[BlackElo "2483"]
[Result "0-1"]
[Round "01"]
[TimeControl "180+1"]
[Date "2022.07.26"]
[WhiteClock "0:01:22"]
[BlackClock "0:00:18"]

1. d4 d5 2. c4 e6 3. Nc3 Nf6 4. Nf3 Be7 5. Bf4 O-O 6. e3 a6 7. c5 b6 8. b4 Nh5 9. Bd3 Nxf4 10. exf4 a5 11. a3 c6 12. O-O Ba6 13. Bxa6 Nxa6 14. Rb1 axb4 15. axb4 Nc7 16. Na4 bxc5 17. bxc5 Nb5 18. Rb4 Qc7 19. g3 Ra6 20. Qd3 Rfa8 21. Nb6 R8a7 22. Rfb1 Qb7 23. Rxb5 cxb5 24. Qxb5 g6 25. Ne5 Bf6 26. Qe8+ Kg7 27. Ned7 Ra8 28. c6 Qxc6 29. Nxa8 Rxa8 30. Rb8 Rxb8 31. Qxb8 Qxd7 32. Qb6 Qc8 33. Qb1 Qc3 34. Qd1 Qxd4 35. Qf1 h5 36. h4 Qe4 37. Qd1 d4 38. Qa4 Qe1+ 39. Kg2 d3 40. f5 exf5 41. g4 Qe4+ 42. Qxe4 fxe4 43. g5 d2 44. gxf6+ Kxf6 45. f3 d1=Q 46. fxe4 Qg4+ 47. Kf1 Qxh4 48. e5+ Kxe5 49. Kg2 Qg4+ 50. Kh1 Qe2 51. Kg1 Kf4 0-1


[Site "https://www.chess.com"]

[Event "Titled Tuesday Blitz July 26 Early 2022"]
[White "Laxman, R.R."]
[Black "Hoang, Canh Huan"]
[WhiteFideId "5005361"]
[BlackFideId "12400599"]
[WhiteElo "2361"]
[BlackElo "2264"]
[Result "1-0"]
[Round "01"]
[TimeControl "180+1"]
[Date "2022.07.27"]
[WhiteClock "0:01:54"]
[BlackClock "0:00:59"]

1. d4 Nf6 2. Nf3 e6 3. c4 Be7 4. Nc3 d5 5. Bg5 O-O 6. e3 c6 7. Bd3 Nbd7 8. O-O h6 9. Bh4 b6 10. Qe2 Bb7 11. Rfd1 Rc8 12. e4 dxe4 13. Nxe4 Nxe4 14. Qxe4 g6 15. Bxe7 Qxe7 16. Rac1 Nf6 17. Qh4 Kg7 18. Re1 Rfd8 19. Ne5 Ng8 20. Qf4 Qf6 21. Qe3 Ne7 22. Be4 Nf5 23. Bxf5 exf5 24. Rcd1 Re8 25. f4 g5 26. Qg3 Kh7 27. Rf1 Rcd8 28. h3 c5 29. fxg5 hxg5 30. Ng4 Qe6 31. d5 Qd6 32. Qxd6 Rxd6 33. Rxf5 Kg6 34. Rdf1 Re7 35. Ne5+ Kh5 36. Nxf7 Rg6 37. g4+ Kh4 38. R1f3 Ba6 39. b3 Bc8 40. Re5 Rxe5 41. Nxe5 Rg7 42. Kg2 a6 43. Rf8 1-0


[Site "https://www.chess.com"]

[Event "Titled Tuesday Blitz July 26 Early 2022"]
[White "Lazavik, Denis"]
[Black "Shuvalov, Evgenij"]
[WhiteFideId "13515110"]
[BlackFideId "4187237"]
[WhiteElo "2437"]
[BlackElo "2042"]
[Result "1-0"]
[Round "01"]
[TimeControl "180+1"]
[Date "2022.07.26"]
[WhiteClock "0:00:51"]
[BlackClock "0:00:31"]

1. d4 Nf6 2. c4 c5 3. d5 b5 4. cxb5 a6 5. e3 Bb7 6. Nc3 Qa5 7. Bd2 axb5 8. Bxb5 Qb6 9. a4 Nxd5 10. Nf3 Nb4 11. O-O e6 12. e4 N8c6 13. Bf4 Qd8 14. Qd2 d6 15. Rad1 e5 16. Bg5 Be7 17. Bxe7 Kxe7 18. Bxc6 Bxc6 19. Nxe5 f6 20. Nc4 Bxa4 21. Nxa4 Rxa4 22. Nxd6 Qc7 23. Nf5+ Kf7 24. Qd7+ Qxd7 25. Rxd7+ Ke8 26. Rxg7 Nc2 27. Rc1 Ra1 28. Rxa1 Nxa1 29. Ra7 Nb3 30. Ra8+ Kf7 31. Rxh8 1-0


[Site "https://www.chess.com"]

[Event "Titled Tuesday Blitz July 26 Early 2022"]
[White "Lehtosaari, Mauri"]
[Black "Oparin, Grigoriy"]
[WhiteFideId "501999"]
[BlackFideId "24125890"]
[WhiteElo "2513"]
[BlackElo "2639"]
[Result "0-1"]
[Round "01"]
[TimeControl "180+1"]
[Date "2022.07.26"]
[WhiteClock "0:00:42"]
[BlackClock "0:02:02"]

1. d4 Nf6 2. Nf3 g6 3. Bg5 Bg7 4. Nbd2 O-O 5. c3 d6 6. e3 c5 7. Bc4 cxd4 8. cxd4 h6 9. Bxf6 Bxf6 10. O-O d5 11. Bd3 Nc6 12. a3 e6 13. Rc1 Bd7 14. b4 Qe7 15. Nb3 Rfc8 16. Qe2 Be8 17. h3 Rc7 18. Rc2 Rac8 19. Rfc1 Bg7 20. Qd2 Qd8 21. Rc3 Ne7 22. R1c2 Rxc3 23. Rxc3 Rxc3 24. Qxc3 Nc8 25. Ne5 Nd6 26. Na5 g5 27. Bb1 f6 28. Nf3 b6 29. Nb3 Qc8 30. Qd3 Bb5 31. Qh7+ Kf8 32. Qc2 Qxc2 33. Bxc2 Nc4 34. Bg6 Nxa3 35. e4 dxe4 36. Bxe4 Ke7 37. Nfd2 f5 38. Bb7 Kd7 39. g3 Bf8 0-1


[Site "https://www.chess.com"]

[Event "Titled Tuesday Blitz July 26 Early 2022"]
[White "Ljukin, Sergei"]
[Black "Pap, Gyula"]
[WhiteFideId "14102200"]
[BlackFideId "725323"]
[WhiteElo "2312"]
[BlackElo "2553"]
[Result "0-1"]
[Round "01"]
[TimeControl "180+1"]
[Date "2022.07.26"]
[WhiteClock "0:00:01"]
[BlackClock "0:00:22"]

1. e4 e5 2. Nf3 Nc6 3. Bb5 a6 4. Ba4 Nf6 5. Qe2 b5 6. Bb3 Bc5 7. c3 O-O 8. d3 h6 9. Be3 Bxe3 10. fxe3 d6 11. Nbd2 Be6 12. O-O Ne7 13. Nh4 Qd7 14. d4 Bxb3 15. axb3 Qg4 16. Qxg4 Nxg4 17. Rae1 a5 18. h3 Nf6 19. Nf5 Nxf5 20. exf5 a4 21. Ra1 axb3 22. Nxb3 Ne4 23. Na5 Ra6 24. Nb3 Rfa8 25. g4 Ra2 26. Rxa2 Rxa2 27. Rb1 c5 28. Nc1 Ra8 29. Nb3 h5 30. Ra1 Rxa1+ 31. Nxa1 hxg4 32. hxg4 Nf6 33. g5 Ne4 34. g6 fxg6 35. fxg6 Kf8 36. dxc5 Nxc5 37. Nc2 Nd3 38. Na3 Nxb2 39. Nxb5 Ke7 40. Kg2 Nc4 41. Kf3 Kf6 42. Ke2 e4 43. Nc7 Kxg6 44. Nd5 Kf5 45. Ne7+ Ke6 46. Ng6 Kf6 47. Nf4 g5 0-1


[Site "https://www.chess.com"]

[Event "Titled Tuesday Blitz July 26 Early 2022"]
[White "Madaminov, Mukhiddin"]
[Black "Pourkashiyan, Atousa"]
[WhiteFideId "14210703"]
[BlackFideId "12502014"]
[WhiteElo "2011"]
[BlackElo "2247"]
[Result "0-1"]
[Round "01"]
[TimeControl "180+1"]
[Date "2022.07.27"]
[WhiteClock "0:00:19"]
[BlackClock "0:00:19"]

1. d4 Nf6 2. c4 e6 3. Nc3 Bb4 4. e3 O-O 5. Bd3 d5 6. Nf3 dxc4 7. Bxc4 c5 8. O-O a6 9. a3 Ba5 10. dxc5 Bxc3 11. bxc3 Nbd7 12. a4 Nxc5 13. Ba3 Qc7 14. Qd4 Nfe4 15. Rfd1 b6 16. a5 bxa5 17. Qe5 Qxe5 18. Nxe5 Bb7 19. Nd7 Nxd7 20. Rxd7 Rfc8 21. Bf1 Bc6 22. Rd4 Nxc3 23. Bb2 Nb5 24. Rd2 Rd8 25. Rxd8+ Rxd8 26. Rxa5 Bb7 27. f3 Rd1 28. h4 h6 29. Ra1 Rxa1 30. Bxa1 Kf8 31. Kf2 f6 32. e4 Ke7 33. Ke3 Nd6 34. g4 a5 35. e5 fxe5 36. Bxe5 g6 37. Bd3 a4 38. Bxg6 Nc4+ 39. Kd4 Nxe5 40. Kxe5 Bxf3 41. g5 hxg5 42. hxg5 a3 43. Bb1 Bd5 44. g6 a2 45. g7 Kf7 46. Bxa2 Bxa2 47. g8=Q+ Kxg8 48. Kf6 Kf8 49. Ke5 Ke7 50. Kf4 Kd6 51. Ke4 e5 52. Ke3 Ke6 53. Kd3 Kd5 54. Ke3 Bc4 55. Kd2 Bb5 56. Ke3 Bd7 57. Kf3 e4+ 58. Ke3 Ke5 59. Ke2 Kd4 60. Kd2 e3+ 61. Ke2 Ke4 62. Ke1 Kd3 63. Kf1 Kd2 64. Kg2 e2 65. Kg3 e1=Q+ 66. Kh2 Qf2+ 67. Kh1 Bc6# 0-1


[Site "https://www.chess.com"]

[Event "Titled Tuesday Blitz July 26 Early 2022"]
[White "Maksimovic, Bojan"]
[Black "Makovec, Bruno"]
[WhiteFideId "14408120"]
[BlackFideId "14536331"]
[WhiteElo "2453"]
[BlackElo "2316"]
[Result "1-0"]
[Round "01"]
[TimeControl "180+1"]
[Date "2022.07.26"]
[WhiteClock "0:02:45"]
[BlackClock "0:01:34"]

1. e4 c6 2. Nf3 d5 3. d3 dxe4 4. dxe4 Qxd1+ 5. Kxd1 f6 6. Nfd2 e5 7. f3 Be6 8. Bc4 Bxc4 9. Nxc4 Nd7 10. c3 Nb6 11. Nxb6 axb6 12. Kc2 Bd6 13. Be3 b5 14. Nd2 Ne7 15. Rhd1 O-O 16. Nb3 Rfd8 17. Bb6 Kf7 18. Bxd8 Rxd8 19. Na5 b6 20. Nb7 1-0


[Site "https://www.chess.com"]

[Event "Titled Tuesday Blitz July 26 Early 2022"]
[White "Mardov, Dimitar"]
[Black "Malyi, Viacheslav"]
[WhiteFideId "30919495"]
[BlackFideId "14123983"]
[WhiteElo "2185"]
[BlackElo "2210"]
[Result "1-0"]
[Round "01"]
[TimeControl "180+1"]
[Date "2022.07.26"]
[WhiteClock "0:00:16"]
[BlackClock "0:00:30"]

1. d4 d5 2. c4 e6 3. Nf3 Nf6 4. g3 Be7 5. Bg2 O-O 6. O-O dxc4 7. Qc2 a6 8. Qxc4 b5 9. Qc2 Bb7 10. Bg5 Nbd7 11. Rd1 Qc8 12. Nbd2 c5 13. Bxf6 Nxf6 14. dxc5 Qxc5 15. Qxc5 Bxc5 16. Ne5 Bxg2 17. Kxg2 Bd4 18. Nd3 Rac8 19. Rac1 Rfd8 20. Nb3 Bb6 21. Nb4 a5 22. Rxd8+ Rxd8 23. Nc6 Ra8 24. Nbxa5 h5 25. b4 Nd5 26. a3 f5 27. e3 Kf7 28. Ne5+ Ke7 29. Nac6+ Kd6 30. Ra1 Rc8 31. Rc1 Ra8 32. Nf7+ Kd7 33. Nce5+ Ke7 34. Rc6 Bc7 35. Ng5 Bd6 36. Nef7 Kd7 37. Rxd6+ 1-0


[Site "https://www.chess.com"]

[Event "Titled Tuesday Blitz July 26 Early 2022"]
[White "Melikhov, Evgeny V."]
[Black "Vakhlamov, Igor L."]
[WhiteFideId "4122046"]
[BlackFideId "24126748"]
[WhiteElo "1995"]
[BlackElo "2401"]
[Result "0-1"]
[Round "01"]
[TimeControl "180+1"]
[Date "2022.07.26"]
[WhiteClock "0:00:02"]
[BlackClock "0:00:21"]

1. d4 d5 2. c4 e6 3. Nc3 c5 4. cxd5 cxd4 5. Qa4+ Bd7 6. Qxd4 exd5 7. Qxd5 Nf6 8. Qd1 Bc5 9. e3 O-O 10. Nf3 Qe7 11. Be2 Rd8 12. Qc2 Nc6 13. a3 Rac8 14. O-O Ne5 15. Nxe5 Qxe5 16. h3 Bc6 17. Rd1 Bd6 18. f4 Qe7 19. Bf1 Ne4 20. Nxe4 Bxe4 21. Qf2 Rc2 22. Rd2 Rdc8 23. Qe1 h6 24. Rxc2 Rxc2 25. Bd2 Rxb2 26. Bc3 Rc2 27. Bd4 b6 28. a4 Bc5 29. a5 Qe6 30. axb6 axb6 31. Bxc5 bxc5 32. Rc1 Qa2 33. Rxc2 Qxc2 34. Qf2 Qc1 35. Kh2 c4 36. Be2 c3 37. Bf3 Qc2 38. Qxc2 Bxc2 39. Kg3 Bd3 40. Bd1 Kf8 41. Bc2 Bxc2 0-1


[Site "https://www.chess.com"]

[Event "Titled Tuesday Blitz July 26 Early 2022"]
[White "Melikyan, Gnel"]
[Black "Daianu, Cristian-Clement"]
[WhiteFideId "54109990"]
[BlackFideId "1208926"]
[WhiteElo "1772"]
[BlackElo "2127"]
[Result "1/2-1/2"]
[Round "01"]
[TimeControl "180+1"]
[Date "2022.07.27"]
[WhiteClock "0:00:02"]
[BlackClock "0:00:14"]

1. e4 c5 2. Nc3 d6 3. d4 cxd4 4. Qxd4 Nc6 5. Qd2 Nf6 6. b3 e6 7. Bb2 Be7 8. O-O-O O-O 9. f4 a6 10. Nf3 Qc7 11. g4 b5 12. g5 Nd7 13. Bd3 Bb7 14. h4 Nc5 15. Kb1 Nb4 16. Nxb5 axb5 17. Qxb4 d5 18. Qc3 f6 19. gxf6 Bxf6 20. e5 Be7 21. f5 b4 22. Qd2 exf5 23. Nd4 Nxd3 24. cxd3 Qxe5 25. Rhe1 Qd6 26. Nb5 Qd7 27. Qe3 Bf6 28. Bxf6 Rxf6 29. Nd4 Rfa6 30. Rd2 f4 31. Qe5 Qf7 32. Rde2 f3 33. Rf2 Bc6 34. Rxf3 Re8 35. Rxf7 Rxe5 36. Rxg7+ Kxg7 37. Rxe5 Bd7 38. Rxd5 Bg4 39. Rg5+ Rg6 40. Rxg6+ Kxg6 41. Nc6 Be2 42. Nxb4 Kh5 43. Kc2 Kxh4 44. Kd2 Bf3 45. Ke3 Kg3 46. Nc2 h5 47. Nd4 Bd5 48. a4 h4 49. Nf5+ Kg4 50. Nxh4 Bxb3 51. Ng2 Bxa4 52. Nf4 Kf5 53. d4 Kf6 54. Nd3 Ke7 55. d5 Bb3 56. Kd4 Bxd5 1/2-1/2


[Site "https://www.chess.com"]

[Event "Titled Tuesday Blitz July 26 Early 2022"]
[White "Miszler, Levente"]
[Black "Meshkovs, Nikita"]
[WhiteFideId "763276"]
[BlackFideId "11602740"]
[WhiteElo "1966"]
[BlackElo "2506"]
[Result "0-1"]
[Round "01"]
[TimeControl "180+1"]
[Date "2022.07.27"]
[WhiteClock "0:00:08"]
[BlackClock "0:00:04"]

1. Nf3 Nf6 2. c4 e6 3. g3 d5 4. Bg2 Be7 5. O-O O-O 6. b3 a5 7. Bb2 a4 8. d4 Ne4 9. Qd3 Nc6 10. Nbd2 a3 11. Bc3 f5 12. c5 b6 13. b4 bxc5 14. bxc5 Ba6 15. Qe3 h6 16. Rfe1 Qc8 17. h4 Bb5 18. Rab1 Qa6 19. Nxe4 fxe4 20. Nd2 Bf6 21. Nxe4 dxe4 22. Qxe4 Na7 23. Qg6 Rae8 24. Be4 Bc4 25. Qh7+ Kf7 26. Bg6+ Ke7 27. Bxe8 Rxe8 28. e4 Nb5 29. Ba1 Kf7 30. e5 Be7 31. Re3 Rf8 32. Rf3+ Ke8 33. Qg6+ Kd7 34. Rf7 Rxf7 35. Qxf7 Qc6 36. Qxg7 Qe4 37. Rc1 Bd5 38. Kf1 Qd3+ 39. Kg1 Qf3 40. Kf1 Qh1+ 41. Ke2 Qxc1 42. Qxh6 Qxh6 0-1


[Site "https://www.chess.com"]

[Event "Titled Tuesday Blitz July 26 Early 2022"]
[White "Muradli, Mahammad"]
[Black "Sadykov, Ramil"]
[WhiteFideId "13409301"]
[BlackFideId "24113590"]
[WhiteElo "2611"]
[BlackElo "2226"]
[Result "0-1"]
[Round "01"]
[TimeControl "180+1"]
[Date "2022.07.26"]
[WhiteClock "0:00:34"]
[BlackClock "0:00:05"]

1. Nf3 Nf6 2. b3 g6 3. Bb2 Bg7 4. g3 b6 5. Bg2 Bb7 6. c4 c5 7. O-O O-O 8. Re1 d5 9. cxd5 Nxd5 10. Bxg7 Kxg7 11. d4 Nd7 12. e4 Nc7 13. d5 e5 14. Nbd2 Ne8 15. Nc4 f6 16. a4 Ba6 17. Nfd2 Qc7 18. Bh3 Nd6 19. Be6 Rfe8 20. h4 Nf8 21. Bh3 h5 22. Qc2 Bxc4 23. bxc4 a5 24. Rab1 Rab8 25. Rb3 Rb7 26. Reb1 Reb8 27. Nf1 Qd8 28. Ne3 Qe8 29. Kh1 Qxa4 30. Qd3 Qe8 31. g4 hxg4 32. Nxg4 a4 33. Rc3 b5 34. Rg1 b4 35. Rcc1 b3 36. Qe3 Nf7 37. Qf3 Qe7 38. Ne3 Nh6 39. Bf5 b2 40. Rb1 a3 41. Bxg6 Nxg6 42. Nf5+ Nxf5 43. exf5 a2 44. Rxg6+ Kf8 45. Rbg1 Qf7 46. d6 b1=Q 47. Qg2 Qxg1+ 48. Kxg1 Rb1+ 49. Kh2 a1=Q 50. Rh6 Rh1+ 51. Kg3 Qg1 52. Rh8+ Qg8+ 53. Rxg8+ Kxg8 0-1


[Site "https://www.chess.com"]